 Dungeon Crawl Stone Soup version 0.31-a0-187-gba352fbbf7 (webtiles) character file.

Game seed: 9149643076154906590

175 IdlyInterested the Trooper (level 5, -1/43 HPs)
             Began as a Demonspawn Fighter on June 22, 2023.
             Slain by a gnoll
             ... wielding a +0 halberd
              (9 damage)
             ... on level 3 of the Dungeon.
             The game lasted 00:06:50 (2734 turns).

IdlyInterested the Trooper (Demonspawn Fighter)     Turns: 2734, Time: 00:06:50

Health: -1/43      AC: 12    Str: 16    XL:     5   Next: 29%
Magic:  5/5        EV:  4    Int:  9    God:
Gold:   87         SH:  6    Dex: 21    Spells: 4/4 levels left

rFire   . . .        a - +0 trident
rCold   . . .        j - +0 buckler
rNeg    . . .        c - +0 plate armour
rPois   .            (no helmet)
rElec   .            (no cloak)
rCorr   .            e - +0 pair of gloves
SInv    .            (no boots)
Will    .....        (no amulet) Stlth
                     i - +6 ring of dexterity
HPRegen 0.27/turn    (no ring)
MPRegen 0.09/turn

%: no passive effects
@: mighty
A: weakness stinger 2
a: no special abilities


You were on level 3 of the Dungeon.
You visited 1 branch of the dungeon, and saw 3 of its levels.

You collected 87 gold pieces.

Inventory:

Hand Weapons
 a - a +0 trident (weapon)
 h - a +0 spear
 o - a +0 halberd
Missiles
 b - 3 poisoned darts
 f - 10 stones (quivered)
 k - 4 javelins
Armour
 c - a +0 plate armour (worn)
 e - a +0 pair of gloves (worn)
 j - a +0 buckler (worn)
Jewellery
 i - a +6 ring of dexterity (left hand)
Scrolls
 l - a scroll of blinking


   Skills:
 * Level 4.8 Fighting
 - Level 1.7 Polearms
 - Level 1.0 Throwing
 - Level 3.0 Armour
 - Level 1.0 Dodging
 - Level 1.0 Stealth
 + Level 3.3 Shields


You had 4 spell levels left.
You didn't know any spells.
Your spell library contained the following spells:

 Spells                   Type           Power      Damage    Failure   Level
 Foxfire                  Conj/Fire      0%         2x1d4     100%        1
 Fireball                 Conj/Fire      0%         3d3       100%        5
 Plasma Beam              Fire/Air       0%         2x1d10    100%        6
 Starburst                Conj/Fire      0%         6d3       100%        6


Dungeon Overview and Level Annotations

Branches:
Dungeon (3/15)

Altars:

Shops:
D:1 =


Innate Abilities, Weirdness & Mutations

You have a tail ending in a sharp stinger.


Message History

You kill the orc!
An orc wizard and an orc come into view.
The orc wizard shouts!
The orc shouts!
The gnoll completely misses you. You block the orc priest's attack.
The gnoll hits you but does no damage.
Things that are here:
a +0 flail; an orc corpse You hit the orc priest.
The orc priest is heavily wounded.
The gnoll hits you from afar with a +0 halberd!
The orc priest hits you but does no damage.
The gnoll hits you from afar with a +0 halberd.
You hit the orc priest.
Your tail-slap misses the orc priest.
The orc priest is severely wounded.
The gnoll hits you from afar with a +0 halberd.
The orc priest hits you with a +0 short sword.
A gnoll comes into view.
It is wielding a +0 flail of holy wrath.
The gnoll barely misses you.
You barely miss the orc priest.
The gnoll shouts!
You tail-slap the orc priest.
You kill the orc priest!
The gnoll hits you from afar with a +0 halberd.
The gnoll hits you from afar with a +0 halberd!
* * * LOW HITPOINT WARNING * * *
You block the orc's attack. The gnoll barely misses you.
The gnoll hits you from afar with a +0 halberd.
* * * LOW HITPOINT WARNING * * *
Training target 1.0 for Throwing reached!
Your Throwing skill increases to level 1!
Found a book of Cantrips.
It was a potion of magic.
Magic courses through your body. You block the orc's attack.
You feel very mighty all of a sudden. The orc hits you with a +0 whip.
* * * LOW HITPOINT WARNING * * *
You hit the orc.
Your tail-slap misses the orc.
The orc is severely wounded.
The gnoll hits you from afar with a +0 halberd!
You die...

##.#.....#.....#....
##.......#.....#.g.
####)....#..g.....o
...#.....#>...g#
##.#........g?.#
.#.#........g###
##.#.....##...##
...#.....##.#og#####
####.....##.##oo@..#
########+######.....#
:...# ...# ###


You could see an orc wizard, 2 gnolls and 2 orcs.

Vanquished Creatures
  An orc priest (D:3)
  7 gnolls (D:2)
  2 adders (D:2)
  A worm (D:2)
  An orc (D:3)
  8 endoplasms
  3 giant cockroaches
  4 goblins
  5 hobgoblins
  3 jackals (D:2)
  A quokka (D:1)
  8 ball pythons
  2 bats
  2 frilled lizards
  4 kobolds
  6 rats
58 creatures vanquished.

Notes
Turn   | Place    | Note
-------+----------+-------------------------------------------
     0 | D:1      | IdlyInterested the Demonspawn Fighter began the quest for
                  | the Orb.
     0 | D:1      | Reached XP level 1. HP: 18/18 MP: 1/1
   317 | D:1      | Gained mutation: You have a small tail. [demonic ancestry]
   317 | D:1      | Reached XP level 2. HP: 14/24 MP: 2/2
   476 | D:1      | Found Ditenk's Jewellery Emporium.
  1146 | D:2      | Gained mutation: You have a tail ending in a sharp stinger.
                  | [demonic ancestry]
  1146 | D:2      | Reached XP level 3. HP: 30/30 MP: 3/3
  1153 | D:2      | Reached skill level 4 in Fighting
  1487 | D:2      | Reached XP level 4. HP: 37/37 MP: 4/4
  1685 | D:2      | Reached skill level 1 in Dodging
  1925 | D:2      | Found a faded altar of an unknown god.
  2083 | D:2      | Reached skill level 1 in Stealth
  2424 | D:3      | Reached XP level 5. HP: 41/43 MP: 5/5
  2728 | D:3      | Reached skill level 1 in Throwing
  2734 | D:3      | Slain by a gnoll

Illustrated notes

Levels and vault maps discovered:
D:1:      dpeg_arrival_refuge, layout_loops_ring, serial_shops, shop,
          grunt_decor_fettered
D:2:      layout_loops_corners, hellmonk_ecumenical_altar_pennies_from_heaven
D:3:      layout_basic

Skill      XL: |  1  2  3  4  5 |
---------------+----------------+-----
Armour         | 3 |  3.0
Fighting       | 4 |  4.8
Shields        | 3 |  3.3
Dodging        | 1 |  1.0
Stealth        | 1 |  1.0
Throwing       | 1 |  1.0
Polearms       | |  1.7

Action                     |  1- 3 |  4- 6 || total
---------------------------+-------+-------++-------
  Melee: Trident           |    27 |     5 ||    32
         Spear             |    98 |    96 ||   194
         Tailslap          |    14 |    11 ||    25
  Throw: Stone             |     2 |     7 ||     9
    Use: Scroll            |     1 |     3 ||     4
         Potion            |       |     2 ||     2
 Armour: Scale mail        |    25 |       ||    25
         Plate armour      |    25 |    58 ||    83
  Dodge: Dodged            |    46 |    12 ||    58
  Block: Buckler           |    45 |    26 ||    71

Table legend: (Time is in decaauts)
 A = Elapsed time spent in this place.
 B = Non-inter-level travel time spent in this place.
 C = Inter-level travel time spent in this place.
 D = Time resting spent in this place.
 E = Time spent auto-exploring this place.
 F = Levels seen in this place.
 G = Mean time per level.
                   A        B        C        D        E       F      G
               +--------+--------+--------+--------+--------+-----+--------+
         Total |   2753 |   2355 |    398 |    239 |   1465 |   3 |  917.7 |
       Dungeon |   2753 |   2355 |    398 |    239 |   1465 |   3 |  917.7 |
               +--------+--------+--------+--------+--------+-----+--------+

Top non-repeatable levels by time:
     D:1: 1281 daAuts
     D:2: 1263 daAuts
     D:3: 207 daAuts
